Map: Blackpink LE

Players

Juxtapose - Winner!

  • Race: Zerg Zerg
  • League: Platinum
  • Spawn Location: 7:00

Cowboy

  • Race: Terran Terran
  • League: Platinum
  • Spawn Location: 1:00

VOD

https://youtu.be/eDeqz-RsHHE

Description

I got my MMR back in to Platinum 3 on Sunday and one thing I wasn't sure of is if I keep said MMR in my proper League, do I still need to do a Placement Match at the start of the new Season or will it automatically place me back into Platinum 3.

I've decided to find out, and the best way to do that with the final Season of 2017 ending was to not play Ranked, but rather Unranked.

Now I haven't played Unranked in a long time, but this was a crazy fun match and I really enjoyed myself. The game went well over double the length of my normal matches as well!

Time

  • Played on: Jan. 22, 2018, 7:04 p.m.
  • Length: 19:57
Show
View Real Time Build Order
Export as new Build Order

Juxtapose Zerg - Winner!

Build Orders: Hatch First 

Get SALT Encoding   

  12  0:01  Drone  
  13  0:08  Drone  
  14  0:17  Overlord  
  14  0:36  Drone x2  
  16  0:53  Drone, Hatchery  
  16  1:00  Overlord  
  16  1:07  Drone  
  17  1:11  Extractor  
  16  1:21  Spawning Pool  
  16  1:24  Drone  
  16  1:35  Drone x2  
  18  1:44  Drone  
  19  1:55  Drone  
  20  2:03  Drone  
  21  2:12  Zergling x2, Queen  
  21  2:13  Queen  
  26  2:20  Zergling x2, Extractor  
  26  2:28  Zergling x2, Drone x2  
  30  2:37  Drone  
  30  2:38  Overlord  
  30  2:48  Drone  
  31  2:57  Drone x2  
  33  3:09  Roach Warren  
  33  3:11  Drone x3  
  35  3:26  Drone x4  
  35  3:27  Drone x3  
  41  3:33  Overlord  
  42  3:44  Overlord  
  42  3:45  Queen  
  44  3:53  Drone x3  
  47  4:01  Evolution Chamber  
  46  4:06  Extractor  
  46  4:07  Drone  
  46  4:08  Drone x3, Extractor  
  46  4:09  Roach  
  50  4:13  Roach  
  52  4:22  Lair  
  52  4:31  Queen  
  54  4:39  Drone x4  
  54  4:40  Drone  
  54  4:41  Overlord  
  54  4:42  Overlord  
  59  4:46  Zerg Missile Weapons Level 1  
  59  5:11  Roach x5  
  69  5:17  Hatchery  
  68  5:29  Overseer  
  68  5:32  Roach x2  
  68  5:33  Roach x2  
  76  5:38  Hydralisk Den  
  75  5:44  Ravager  
  75  5:47  Overlord x3  
  76  6:06  Roach x3  
  76  6:10  Muscular Augments, Glial Reconstitution  
  82  6:13  Hydralisk x4  
  90  6:26  Hydralisk x3  
  96  6:40  Zerg Ground Armor Level 1  
  96  6:54  Ravager  
  96  6:55  Ravager  
  96  6:56  Hydralisk x4  
  96  6:58  Overlord x3  
  106  7:16  Overlord x2  
  106  7:17  Hydralisk x3  
  106  7:18  Hydralisk  
  114  7:33  Hydralisk x4  
  114  7:35  Roach  
  124  7:50  Burrow  
  120  8:15  Nydus Network  
  119  8:30  Hydralisk x5  
  119  8:31  Hydralisk  
  131  9:16  Infestation Pit  
  130  9:18  Drone x5  
  135  9:24  Zerg Missile Weapons Level 2  
  135  9:38  Overseer x2  
  135  9:57  Nydus Canal  
  135  10:02  Hydralisk x3  
  135  10:03  Hydralisk x2  
  145  10:31  Spire  
  145  10:34  Hive  
  144  10:42  Overlord  
  144  10:43  Overlord x5  
  144  10:47  Overseer  
  144  11:10  Zergling x8  
  144  11:11  Zergling x12  
  152  11:13  Metabolic Boost  
  154  11:20  Extractor  
  154  11:22  Pneumatized Carapace, Extractor  
  154  11:23  Drone x4  
  154  11:24  Drone x3  
  159  11:40  Zerg Ground Armor Level 2  
  159  11:47  Greater Spire  
  159  12:18  Drone x5  
  159  12:19  Drone  
  165  12:36  Hatchery  
  164  12:38  Mutalisk x7  
  164  12:40  Overlord x3  
  164  12:41  Overlord  
  178  12:55  Adrenal Glands  
  178  13:06  Mutalisk x4  
  178  13:07  Mutalisk x3  
  178  13:08  Mutalisk, Overlord x4  
  194  13:17  Drone x2  
  196  13:25  Ultralisk Cavern  
  195  13:27  Corruptor  
  112  14:02  Zergling x2  
  112  14:03  Roach, Zergling x10, Hydralisk  
  112  14:04  Roach x3, Hydralisk x6  
  121  14:37  Zergling x2, Ultralisk x3  
  121  14:38  Zergling x16  
  145  14:41  Chitinous Plating  
  148  14:52  Hydralisk x4  
  156  15:08  Brood Lord  
  156  15:11  Corruptor  
  156  15:13  Zergling x6  
  156  15:14  Zergling x12  
  169  15:22  Zerg Melee Weapons Level 1  
  169  15:30  Overseer  
  169  15:31  Overseer x2  
  169  15:38  Extractor  
  169  15:39  Drone x2  
  169  15:40  Drone, Extractor  
  170  15:47  Brood Lord  
  165  16:10  Corruptor x2  
  165  16:11  Corruptor x3  
  159  16:23  Corruptor  
  159  16:25  Zergling x10  
  166  16:26  Zergling x10  
  171  16:49  Hydralisk x5  
  171  16:50  Hydralisk, Corruptor, Zergling x2  
  186  17:25  Corruptor x4  
  194  18:19  Hatchery  
  193  18:31  Brood Lord x2  
  144  19:04  Hydralisk x3  
  144  19:05  Hydralisk x3  
  144  19:06  Ultralisk x2  
  144  19:07  Zergling x14  
  144  19:08  Zergling x16  
  144  19:09  Zergling x4  
  130  19:22  Hydralisk x6  
  130  19:23  Hydralisk  
  122  19:40  Drone  
Show
View Real Time Build Order
Export as new Build Order

Cowboy Terran 

Build Orders:  

Get SALT Encoding   

  12  0:01  SCV  
  13  0:13  SCV  
  14  0:25  SCV  
  14  0:27  Supply Depot  
  15  0:43  Refinery  
  15  0:46  Refinery  
  15  0:48  SCV  
  16  0:58  Barracks  
  16  1:00  SCV  
  17  1:09  Supply Depot  
  17  1:12  SCV  
  18  1:23  Supply Depot  
  18  1:27  SCV  
  19  1:39  SCV  
  20  1:52  Bunker, SCV  
  21  1:56  Marine  
  22  2:04  SCV  
  23  2:12  Factory  
  23  2:14  Barracks Tech Lab  
  23  2:24  Orbital Command  
  23  2:42  Factory  
  23  2:45  Barracks Reactor  
  23  2:50  SCV  
  24  3:02  SCV  
  24  3:03  Engineering Bay  
  25  3:07  Siege Tank  
  28  3:14  SCV  
  29  3:26  SCV  
  30  3:33  Missile Turret  
  30  3:36  Missile Turret  
  30  3:44  Missile Turret  
  30  3:47  Missile Turret  
  30  3:50  Cyclone  
  30  3:54  Cyclone  
  36  4:03  Missile Turret  
  36  4:20  Armory  
  36  4:36  Command Center  
  36  4:47  Starport  
  36  4:54  Sensor Tower  
  36  5:05  Factory Tech Lab  
  36  5:22  Supply Depot  
  36  5:25  Starport Tech Lab  
  36  5:32  Supply Depot  
  36  5:44  Thor  
  36  5:48  Orbital Command  
  42  5:51  Refinery  
  42  6:03  Banshee  
  45  6:24  Thor  
  51  6:31  Starport  
  51  6:37  SCV  
  52  6:48  Command Center  
  52  6:49  SCV  
  52  6:51  Siege Tank  
  56  7:05  Viking  
  58  7:08  SCV  
  59  7:20  SCV  
  60  7:26  Sensor Tower  
  60  7:29  Siege Tank  
  63  7:33  SCV  
  64  7:45  SCV  
  65  7:57  SCV  
  64  8:01  Thor  
  70  8:15  Orbital Command  
  70  8:18  Banshee  
  73  8:28  Command Center  
  73  8:34  Sensor Tower  
  73  8:39  Viking  
  75  9:01  Banshee  
  78  9:18  Supply Depot, Siege Tank x2  
  78  9:19  Orbital Command, Supply Depot x2  
  84  9:25  Supply Depot  
  84  9:26  Supply Depot  
  84  9:27  Supply Depot  
  84  9:39  Viking x2  
  88  9:48  Refinery x2  
  88  10:00  Missile Turret  
  88  10:02  Missile Turret  
  88  10:09  Viking  
  91  10:28  SCV  
  91  10:32  Refinery  
  91  10:39  Missile Turret, Banshee  
  91  10:40  Missile Turret, SCV  
  91  10:41  Missile Turret  
  95  10:43  Missile Turret, SCV  
  96  10:52  SCV  
  96  10:55  SCV  
  98  11:04  SCV  
  98  11:05  SCV  
  98  11:07  SCV  
  101  11:17  SCV x2  
  103  11:29  Viking, SCV x2  
  103  11:30  Viking  
  109  11:40  Starport  
  109  11:41  Starport, SCV x2  
  111  11:48  Starport  
  111  11:52  Starport  
  111  11:53  SCV x2  
  113  11:59  Viking  
  113  12:00  Viking  
  117  12:17  SCV  
  118  12:29  Viking, Starport Tech Lab x4, SCV  
  121  12:30  Viking  
  121  12:34  Fusion Core  
  123  12:41  Armory, SCV  
  124  12:44  Armory  
  124  12:53  SCV  
  125  13:05  SCV  
  126  13:06  Banshee x4  
  126  13:07  Banshee  
  126  13:11  Refinery  
  141  13:14  Refinery  
  141  13:17  Orbital Command  
  141  13:23  SCV  
  142  13:35  SCV  
  143  13:47  SCV  
  126  13:49  Banshee x3  
  126  13:52  Banshee x2  
  85  14:23  Thor  
  80  14:38  Supply Depot  
  80  14:40  Bunker  
  80  14:46  Cloaking Field  
  80  14:51  Hyperflight Rotors  
  80  14:55  Supply Depot  
  80  14:57  Supply Depot  
  80  14:59  Banshee, Marine  
  80  15:00  Supply Depot  
  84  15:17  Viking, Thor, Marine  
  84  15:18  Thor  
  84  15:19  Supply Depot  
  84  15:20  Supply Depot  
  99  15:21  Banshee  
  99  15:26  SCV  
  103  15:35  Marine  
  103  15:38  SCV  
  103  15:42  Battlecruiser, Command Center  
  111  15:50  SCV  
  111  15:53  Marine  
  113  15:59  Thor  
  113  16:01  Thor  
  125  16:05  SCV  
  120  16:31  Supply Depot  
  120  16:32  Bunker  
  119  16:42  Marine  
  111  16:59  Siege Tank x2  
  111  17:00  Supply Depot x2  
  117  17:02  Supply Depot  
  117  17:04  Supply Depot  
  117  17:07  Supply Depot  
  117  17:17  Missile Turret  
  117  17:19  Missile Turret  
  117  17:22  SCV  
  118  17:26  Missile Turret  
  118  17:27  Missile Turret  
  118  17:31  Siege Tank  
  118  17:32  Siege Tank  
  118  17:34  SCV  
  113  17:40  Orbital Command  
  104  17:47  Refinery, SCV  
  104  17:49  Refinery  
  105  17:59  SCV  
  105  18:04  Siege Tank x2  
  112  18:06  Medivac  
  112  18:11  SCV  
  115  18:36  Siege Tank x2  
Tags
 
Add a new tag
Caveats
  • Supply blocks, unpowered buildings, or Contaminate may cause inaccurate times.
  • Supply counts are checked every 10 seconds.